Workbook
Name AbaDeprec: '7. Depreciação'!$A$1
Name AbaRemun: '8. Remuneração de capital'!$A$1
Name Google_Sheet_Link_1042153561_717510486: print_titles_0_0_0_0_0
Name Google_Sheet_Link_1050453953_486749058: print_titles_0_0_0_0_0
Name Google_Sheet_Link_105190640: AbaDeprec
Name Google_Sheet_Link_1087969283: AbaDeprec
Name Google_Sheet_Link_1135249405_2071846243: print_titles_0_0
Name Google_Sheet_Link_1163500045_277266387: print_titles_0_0_0_0
Name Google_Sheet_Link_1220612232_277266387: print_titles_0_0_0_0_0_0
Name Google_Sheet_Link_1245280742_2071846243: print_titles_0_0_0_0_0_0
Name Google_Sheet_Link_1307130700_717510486: print_titles_0_0_0_0
Name Google_Sheet_Link_1316656248_277266387: print_titles_0_0
Name Google_Sheet_Link_1320815511_486749058: print_titles_0_0_0_0_0_0
Name Google_Sheet_Link_1385402849: AbaRemun
Name Google_Sheet_Link_138612331_486749058: print_titles_0_0_0
Name Google_Sheet_Link_1395446409: AbaDeprec
Name Google_Sheet_Link_1418664634: AbaRemun
Name Google_Sheet_Link_1422765692_717510486: print_titles_0_0_0
Name Google_Sheet_Link_1426506448: AbaRemun
Name Google_Sheet_Link_1431348254: AbaDeprec
Name Google_Sheet_Link_1438385033_486749058: print_titles_0
Name Google_Sheet_Link_1604018570: AbaRemun
Name Google_Sheet_Link_1616338293: AbaDeprec
Name Google_Sheet_Link_1662217783_486749058: print_titles_0_0_0_0
Name Google_Sheet_Link_1701136735: AbaDeprec
Name Google_Sheet_Link_1809128286: AbaRemun
Name Google_Sheet_Link_1900009241: AbaDeprec
Name Google_Sheet_Link_1900302552_717510486: print_titles_0_0_0_0_0_0
Name Google_Sheet_Link_2015704365: AbaDeprec
Name Google_Sheet_Link_2095691374_486749058: print_titles_0_0
Name Google_Sheet_Link_232194057: AbaRemun
Name Google_Sheet_Link_242342722: AbaDeprec
Name Google_Sheet_Link_381194700_277266387: print_titles_0_0_0
Name Google_Sheet_Link_449320437_717510486: print_titles_0
Name Google_Sheet_Link_462677635: AbaRemun
Name Google_Sheet_Link_508534547: AbaRemun
Name Google_Sheet_Link_605010821_717510486: print_titles_0_0
Name Google_Sheet_Link_610769732_277266387: print_titles_0_0_0_0_0
Name Google_Sheet_Link_639513693: AbaRemun
Name Google_Sheet_Link_730534228: AbaDeprec
Name Google_Sheet_Link_741497956: AbaRemun
Name Google_Sheet_Link_747925257_2071846243: print_titles_0_0_0_0
Name Google_Sheet_Link_880592875_2071846243: print_titles_0_0_0
Name Google_Sheet_Link_900373810_2071846243: print_titles_0
Name Google_Sheet_Link_901519124_277266387: print_titles_0
Name Google_Sheet_Link_946363014_2071846243: print_titles_0_0_0_0_0
Name Print_Titles_0: '0. Qtdades e Custos'!$1:$20
Name Print_Titles_0: '1. Capina e Roçada'!$1:$8
Name Print_Titles_0: '2. Varrição Manual'!$1:$8
Name Print_Titles_0: '3. Equipe Técnica'!$1:$8
Name Print_Titles_0_0: '0. Qtdades e Custos'!$1:$20
Name Print_Titles_0_0: '1. Capina e Roçada'!$1:$8
Name Print_Titles_0_0: '2. Varrição Manual'!$1:$8
Name Print_Titles_0_0: '3. Equipe Técnica'!$1:$8
Name Print_Titles_0_0_0: '0. Qtdades e Custos'!$1:$20
Name Print_Titles_0_0_0: '1. Capina e Roçada'!$1:$8
Name Print_Titles_0_0_0: '2. Varrição Manual'!$1:$8
Name Print_Titles_0_0_0: '3. Equipe Técnica'!$1:$8
Name Print_Titles_0_0_0_0: '0. Qtdades e Custos'!$1:$20
Name Print_Titles_0_0_0_0: '1. Capina e Roçada'!$1:$8

Sheet 0. Qtdades e Custos
A2: SERVIÇOS TERMO DE REFERÊNCIA
A4: Item | B4: Descrição /Especificação do Objeto | C4: Unidade de Medida | D4: Quantidade mensal estimada
A5: 1 | B5: Roçagem e capina manual e mecanizada de meios-fios, vias e logradouros públicos | C5: Km | D5: 900
A6: 2 | B6: Varrição Manual de vias e logradouros públicos | C6: Km | D6: 5100
B10: Referente aos dias trabalhados, está sendo considerado 52 semanas no ano (52 domingos e sábados por ano) e 10 feriados distribuídos ao longo dos 12 meses.
B11: Nos serviços que serão executados em sábados alternados, serão considerados 26 sábados por ano
B12: Tal recomendação do cálculo de dias segue as orientações do Manual para Análise de Serviços de Limpeza Urbana e Manejo de Resíduos Sólidos do TCE/GO
B14: EQUIPES
B16: Cargo/Função | C16: Roçada/Capina | D16: Varrição Manual | E16: Total
B17: Agente de Limpeza/Varredor | C17: 80 | D17: 60 | E17: =SUM(B17:D17) -> 140
B18: Encarregado de Equipe | C18: 4 | D18: 1 | E18: =SUM(B18:D18) -> 5
B19: Motorista Caminhão (Coletor) | C19: 4 | D19: 2 | E19: =SUM(B19:D19) -> 6
B20: Motorista de Ônibus Urbano | C20: 4 | D20: - | E20: =SUM(B20:D20) -> 4
B21: Motorista Caminhão (Coletor) - Encarregado | C21: - | D21: - | E21: =SUM(B21:D21) -> 0
B22: Motorista de Coleta e Entrega, Operador de Empilhadeira, Guincho e “Operador de máquina Rodoviária” - Minicarregadeira e Capinadeira | C22: 7 | D22: - | E22: =SUM(B22:D22) -> 7
B23: Encarregado Geral | C23: 1 | E23: =SUM(B23:D23) -> 1
B24: Gerente Geral | C24: 1 | E24: =SUM(B24:D24) -> 1
B25: Téc.Seg.do Trabalho | C25: 1 | E25: =SUM(B25:D25) -> 1
B26: Responsável Técnico | C26: 1 | E26: =SUM(B26:D26) -> 1
B28: * 01(um) Agente de Limpeza será ajudante do motorista do caminhão carroceria responsável pela coleta dos resíduos da varrição.
B32: VEÍCULOS E EQUIPAMENTOS
B34: 1) Cálculo do Custo com Combustível e Lubrificantes
B35: Conforme metodologia utilizada pelo DNIT através do CADERNO TÉCNICO PARÂMETROS DE EQUIPAMENTOSDO SICRO, é realizado o cálculo do Custo Horário (Cc) de combustíveis, lubrificantes, filtros e graxas de veículos e equipamentos, a partir da fórmula abaixo:
B36: Cc = P*Fc*Vc, sendo:
B37: Cc = representa o custo horário de combustíveis, lubrificantes, filtros e graxas (R$/h) – será calculado nas planilhas de orçamento de cada serviço, em virtude da variação do tipo de combustível
B38: P representa a potência do motor em kW
B39: Fc representa o coeficiente de consumo (l/kWh ou kWh/kWh)
B40: Vc representa o valor do combustível(R$) - será inserido na planilha do orçamento de cada serviço, em virtude da variação do tipo de combustível
B41: Combustível dia 23/05
B42: Como o cálculo do custo na planilha de orçamento é R$/mês com os combustíveis, lubrificantes, filtros e graxas, nesta aba será calculado um fator de consumo no mês destes insumos, e nas abas de orçamento dos serviços, este fator de consumo mensal será multiplicado pelo preço do combustível, redundando no Custo Mensal
B45: 2) Cálculo do Custo com Manutenção
... B52: O CM será inserido nas abas de orçamento dos serviços através da fórmula acima, e pegando os dados VN, VU e K da tabela abaixo
B54: Equipe | C54: Veículo descrição Termo Referência | I54: Descrição Veículo e Equipamentos Consulta de Preço | M54: Fonte | N54: Valor | P54: Quantidade | Q54: Vida útil | R54: Valor Residual (%) | S54: Coeficiente Manutenção | T54: Fc - Coeficiente de Consumo (l/Kwh) | U54: P - Potência (Kwh) | V54: Horas de uso estimada (h/dia) | W54: Nº Dias Trabalhados/Mês | X54: Consumo Mês (Litros/Mês) | Y54: Consumo Mês (Litros/Mês) p/ Frota
B55: Capina e Roçada | C55: 3.1 Caminhão Basculante com capacidade de 6m³ – Pot. Min. 136 Kw (185CV) | I55: Caminhão Basculante com capacidade de 6m³ – Min. 136 Kw (185CV) | M55: SMLC (DFPO) | N55: 595732.14 | P55: 4 | Q55: 7 | R55: 40 | S55: 0.9 | T55: 0.1 | U55: =185*0.7355 -> 136.0675 | V55: 5 | W55: ='1. Capina e Roçada'!C163 -> 25.25 | X55: =U55*T55*V55*W55 -> 1717.8522 | Y55: =X55*P55 -> 6871.4087
C56: 3.2 Retroescavadeira sobre rodas com carregadeira, tração 4x4, potência líq. 88 HP | I56: Retroescavadeira sobre rodas com carregadeira, tração 4x4, potência líq. 88 HP | M56: SMSZU | N56: 405666.67 | P56: 4 | Q56: 5 | R56: 30 | S56: 0.7 | T56: 0.13 | U56: =58*0.7457 -> 43.2506 | V56: 5 | W56: ='1. Capina e Roçada'!C163 -> 25.25 | X56: =U56*T56*V56*W56 -> 709.85047 | Y56: =X56*P56 -> 2839.4019
C57: 3.5 Veículo para transporte de pessoal (ônibus) – Mín. 20 lugares | I57: VOLARE ATT. 8 LONGO EXECUTIVO (die) (E6) | M57: tabela Fipe - código: 508092-4 | N57: 504367 | P57: 4 | Q57: 7 | R57: 40 | S57: 0.9 | T57: 0.19 | U57: 81 | V57: 2 | W57: ='1. Capina e Roçada'!C163 -> 25.25 | X57: =U57*T57*V57*W57 -> 777.195 | Y57: =X57*P57 -> 3108.78
C58: 3.6 Roçadeira Costal/Lateral, Pot. Min 4 HP, a Gasolina | I58: Roçadeira Costal/Lateral, Pot. Min 4 HP, a Gasolina | M58: SMLC (DFPO) | N58: 949.98 | P58: 32 | Q58: 3 | R58: 10 | S58: 0.7 | T58: 1.1 | U58: =4*0.7457 -> 2.9828 | V58: 6 | W58: ='1. Capina e Roçada'!C163 -> 25.25 | X58: =U58*T58*V58*W58 -> 497.08362 | Y58: =X58*P58 -> 15906.676
C59: 3.7 Soprador Costal, Pot. Min 3,48 HP | I59: Soprador Costal, Pot. Min 3,48 HP | M59: SMLC (DFPO) | N59: 2050.99 | P59: 4 | Q59: 5 | R59: 20 | S59: 0.7 | T59: 0.35 | U59: =3.48*0.7457 -> 2.595036 | V59: 6 | W59: ='1. Capina e Roçada'!C163 -> 25.25 | X59: =U59*T59*V59*W59 -> 137.60178 | Y59: =X59*P59 -> 550.40714
C60: 3.3 Trator Capinadeira Pot. Min 85 CV equipado com 01 capinadeira/Vassoura Mecânica | I60: Trator de Pneus com potência Min. de 85 CV | M60: SMLC (DFPO) | N60: 228930 | P60: 2 | Q60: 6 | R60: 20 | S60: 0.7 | T60: 0.18 | U60: =85*0.7355 -> 62.5175 | V60: 5 | W60: ='1. Capina e Roçada'!C163 -> 25.25 | X60: =U60*T60*V60*W60 -> 1420.7102 | Y60: =X60*P60 -> 2841.4204
I61: Vassoura Mecânica Rebocável com Escova Cilíndrica Largura Útil de Varrimentop b = 2,44m | M61: SINAPI - Insumo 00013726 | N61: 96215.41 | P61: =P60 -> 2 | Q61: =Q60 -> 6 | R61: =R60 -> 20 | S61: =S60 -> 0.7
C62: 3.4 Trator Capinadeira Pot. Min 85 CV equipado com 02 capinadeira/Vassoura Mecânica (ambos os lados) | I62: Trator de Pneus com potência Min. de 85 CV | M62: =M60 -> SMLC (DFPO) | N62: =N60 -> 228930 | P62: 1 | Q62: 6 | R62: 20 | S62: 0.7 | T62: 0.18 | U62: =85*0.7355 -> 62.5175 | V62: 5 | W62: ='1. Capina e Roçada'!C163 -> 25.25 | X62: =U62*T62*V62*W62 -> 1420.7102 | Y62: =X62*P62 -> 1420.7102
I63: Vassoura Mecânica Rebocável com Escova Cilíndrica Largura Útil de Varrimentop b = 2,44m | M63: =M61 -> SINAPI - Insumo 00013726 | N63: =N61 -> 96215.41 | P63: =P62*2 -> 2 | Q63: =Q62 -> 6 | R63: =R62 -> 20 | S63: =S62 -> 0.7
B64: Varrição Manual | C64: 3.1 Caminhão toco, carga útil máx 9480 kg, potência mínima 185 CV, com carroceria fixa, aberta, de madeira, para transporte geral de carga seca, com dimensões aproximadas de 2,50 x 6,50 x 0,50 m | I64: CAMINHAO TOCO, PESO BRUTO TOTAL 14300 KG, CARGA UTIL MAXIMA 9480 KG, DISTANCIA ENTRE EIXOS 4,80 M, POTENCIA 185 CV (INCLUI CABINE E CHASSI, NAO INCLUI CARROCERIA) | M64: SINAPI - Insumo 00037754 | N64: 561083.36 | P64: 2 | Q64: 7 | R64: 40 | S64: 0.9 | T64: 0.1 | U64: =185*0.7355 -> 136.0675 | V64: 5 | W64: ='2. Varrição Manual'!C94 -> 25.25 | X64: =U64*T64*V64*W64 -> 1717.8522 | Y64: =X64*P64 -> 3435.7044
I65: CARROCERIA FIXA ABERTA DE MADEIRA PARA TRANSPORTE GERAL DE CARGA SECA DIMENSOES APROXIMADAS 2,5 X 6,5 X 0,50 M (INCLUI MONTAGEM, NAO INCLUI CAMINHAO) | M65: SINAPI - Insumo 00037730 | N65: 36033.56 | P65: =P64 -> 2 | Q65: =Q64 -> 7 | R65: =R64 -> 40 | S65: =S64 -> 0.9
B66: Administração Geral (Equipe Técnica) | C66: 3.1 Veículo Tipo Passeio 1.0, a Gasolina – 5 passageiros | I66: Veículo Tipo Passeio 1.0, a Gasolina – 5 passageiros | M66: SMLC (DFPO) – FIPE | N66: 65690 | P66: 1 | Q66: 5 | R66: 40 | S66: 0.6 | T66: 0.09 | U66: =73*0.7355 -> 53.6915 | V66: 4 | W66: ='3. Equipe Técnica'!C106 -> 20.91 | X66: =U66*T66*V66*W66 -> 404.16814 | Y66: =X66*P66 -> 404.16814
C67: 3.2 Veículo Utilitário Picape, cabine Simples 1.6, 16V - Gasolina | I67: Veículo Utilitário Picape, cabine Simples 1.6, 16V – Gasolina | M67: SMLC (DFPO) – FIPE | N67: 90058 | P67: 1 | Q67: 5 | R67: 40 | S67: 0.6 | T67: 0.05 | U67: =106*0.7355 -> 77.963 | V67: 5 | W67: ='3. Equipe Técnica'!C115 -> 25.25 | X67: =U67*T67*V67*W67 -> 492.14144 | Y67: =X67*P67 -> 492.14144
B74: FERRAMENTAS E INSUMOS
C76: Equipamentos e Insumos (estimado)
C77: Item - unid. de Medida | G77: Quantidade/ano | H77: Quantidade/mês | I77: Unidade | J77: Custo/unid. de Medida | K77: Fonte | N77: Fonte Quantittivo estimado
B78: Roçada e Capina | C78: Enxada larga 2.5, cabo de madeira aprox. 1,40 m | G78: 264 | H78: =G78/12 -> 22 | I78: Unid. | J78: 69.99 | K78: Anexo Pesquisa de Preços Ferramentas e Isumos | N78: Manual de Limpeza Urbana - TCE/GO
C79: Pá reta | G79: 264 | H79: =G79/12 -> 22 | I79: Unid. | J79: 40 | K79: Anexo Pesquisa de Preços Ferramentas e Isumos | N79: Manual de Limpeza Urbana - TCE/GO
C80: Vassoura de aço (rastelo) | G80: 264 | H80: =G80/12 -> 22 | I80: Unid. | J80: 40.9 | K80: Anexo Pesquisa de Preços Ferramentas e Isumos | N80: Manual de Limpeza Urbana - TCE/GO
C81: Vassourão gari cabo inclinado mínimo 1,40 m, cerdas de nylon de no mínimo 4” (10,16 cm). | G81: 44 | H81: =G81/12 -> 3.6666667 | I81: Unid. | J81: 40.49 | K81: Anexo Pesquisa de Preços Ferramentas e Isumos | N81: Manual de Limpeza Urbana - TCE/GO
C82: Fio de Nylon - roçadeiras | G82: =8640*32 -> 276480 | H82: =G82/12 -> 23040 | I82: Metro | J82: 1.25 | K82: Anexo Pesquisa de Preços Ferramentas e Isumos | N82: Dados da fiscalização de contrato nº 496/2018
B83: Varrição | C83: Vassoura de cabo reto tipo gari, cerdas de 12 cm de nylon | G83: 472 | H83: =G83/12 -> 39.333333 | I83: Unid. | J83: 19.07 | K83: Anexo Pesquisa de Preços Ferramentas e Isumos | N83: Manual de Limpeza Urbana - TCE/GO
C84: Pá de lixo metálica com cabo | G84: 168 | H84: =G84/12 -> 14 | I84: Unid. | J84: 9.23 | K84: Anexo Pesquisa de Preços Ferramentas e Isumos | N84: Manual de Limpeza Urbana - TCE/GO
C85: Saco de lixo 100 litros - 12 micras | G85: 87000 | H85: =G85/12 -> 7250 | I85: Unid. | J85: 0.22 | K85: Anexo Pesquisa de Preços Ferramentas e Isumos | N85: Dados da fiscalização de contrato nº 496/2018
C86: Carrinho para varrição (lutocares) | G86: 28 | H86: =G86/12 -> 2.3333333 | I86: Unid. | J86: 263.58 | K86: Anexo Pesquisa de Preços Ferramentas e Isumos | N86: Dados da fiscalização de contrato nº 496/2018
B92: EPI'S e EPC
B94: A) ROÇADA E CAPINA MANUAL E MECANIZADA
B96: Item (EPI’s e EPC’s) por posto | C96: Agente de Limpeza | F96: Motorista Caminhão | H96: Motorista Ônibus | J96: Encarregado | L96: Op. Máquina | O96: Total Anual | P96: Total Mês
C97: Unit. | D97: Total (x80) | F97: Unit. | G97: Total (x4) | H97: Unit. | I97: Total (x4) | J97: Unit. | K97: Total (x4) | L97: Unit. | N97: Total (x7)
B98: Jaqueta com refletivo (NBR 15.292) | C98: 1 | D98: =C98*$C$17 -> 80 | F98: 1 | G98: =F98*$C$19 -> 4 | H98: 1 | I98: =H98*$C$20 -> 4 | J98: 1 | K98: =J98*$C$18 -> 4 | L98: 1 | N98: =L98*$C$22 -> 7 | O98: =D98+G98+I98+K98+N98 -> 99
B99: Calça de brim pesado profissional com refletivo | C99: 6 | D99: =C99*$C$17 -> 480 | F99: 6 | G99: =F99*$C$19 -> 24 | H99: 6 | I99: =H99*$C$20 -> 24 | J99: 6 | K99: =J99*$C$18 -> 24 | L99: 6 | N99: =L99*$C$22 -> 42 | O99: =D99+G99+I99+K99+N99 -> 594
B100: Camiseta básica, malha fria PV com faixa refletiva, manga curta | C100: 6 | D100: =C100*$C$17 -> 480 | F100: 6 | G100: =F100*$C$19 -> 24 | H100: 6 | I100: =H100*$C$20 -> 24 | J100: 6 | K100: =J100*$C$18 -> 24 | L100: 6 | N100: =L100*$C$22 -> 42 | O100: =D100+G100+I100+K100+N100 -> 594
B101: Camiseta básica, malha fria PV com faixa refletiva, manga longa | C101: 6 | D101: =C101*$C$17 -> 480 | F101: 6 | G101: =F101*$C$19 -> 24 | H101: 6 | I101: =H101*$C$20 -> 24 | J101: 6 | K101: =J101*$C$18 -> 24 | L101: 6 | N101: =L101*$C$22 -> 42 | O101: =D101+G101+I101+K101+N101 -> 594
B102: Boné | C102: 3 | D102: =C102*$C$17 -> 240 | F102: 0 | G102: =F102*$C$19 -> 0 | H102: 0 | I102: =H102*$C$20 -> 0 | J102: 3 | K102: =J102*$C$18 -> 12 | L102: 3 | N102: =L102*$C$22 -> 21 | O102: =D102+G102+I102+K102+N102 -> 273
B103: Óculos de Proteção | C103: 3 | D103: =C103*$C$17 -> 240 | F103: 1 | G103: =F103*$C$19 -> 4 | H103: 1 | I103: =H103*$C$20 -> 4 | J103: 3 | K103: =J103*$C$18 -> 12 | L103: 3 | N103: =L103*$C$22 -> 21 | O103: =D103+G103+I103+K103+N103 -> 281
B104: Protetor Auricular Plug silicone | C104: 12 | D104: =C104*$C$17 -> 960 | F104: 0 | G104: =F104*$C$19 -> 0 | H104: 0 | I104: =H104*$C$20 -> 0 | J104: 0 | K104: =J104*$C$18 -> 0 | L104: 12 | N104: =L104*$C$22 -> 84 | O104: =D104+G104+I104+K104+N104 -> 1044
B105: Capa de Chuva com refletivo | C105: 3 | D105: =C105*$C$17 -> 240 | F105: 0 | G105: =F105*$C$19 -> 0 | H105: 0 | I105: =H105*$C$20 -> 0 | J105: 3 | K105: =J105*$C$18 -> 12 | L105: 0 | N105: =L105*$C$22 -> 0 | O105: =D105+G105+I105+K105+N105 -> 252
B106: Colete de Segurança Refletivo tipo “X” | C106: 3 | D106: =C106*$C$17 -> 240 | F106: 0 | G106: =F106*$C$19 -> 0 | H106: 0 | I106: =H106*$C$20 -> 0 | J106: 3 | K106: =J106*$C$18 -> 12 | L106: 0 | N106: =L106*$C$22 -> 0 | O106: =D106+G106+I106+K106+N106 -> 252
B107: Luvas de Algodão Pigmentada | C107: 24 | D107: =C107*$C$17 -> 1920 | F107: 0 | G107: =F107*$C$19 -> 0 | H107: 0 | I107: =H107*$C$20 -> 0 | J107: 0 | K107: =J107*$C$18 -> 0 | L107: 0 | N107: =L107*$C$22 -> 0 | O107: =D107+G107+I107+K107+N107 -> 1920
B108: Protetor Solar (FPS 50) - 200ml | C108: 9 | D108: =C108*$C$17 -> 720 | F108: 0 | G108: =F108*$C$19 -> 0 | H108: 0 | I108: =H108*$C$20 -> 0 | J108: 9 | K108: =J108*$C$18 -> 36 | L108: 9 | N108: =L108*$C$22 -> 63 | O108: =D108+G108+I108+K108+N108 -> 819
B109: Botina de segurança em raspa com biqueira plástica | C109: 6 | D109: =C109*$C$17 -> 480 | F109: 6 | G109: =F109*$C$19 -> 24 | H109: 6 | I109: =H109*$C$20 -> 24 | J109: 6 | K109: =J109*$C$18 -> 24 | L109: 6 | N109: =L109*$C$22 -> 42 | O109: =D109+G109+I109+K109+N109 -> 594
B110: Perneira de proteção 3 talas, com velcro | C110: 2 | D110: =C110*$C$17 -> 160 | F110: 0 | G110: =F110*$C$19 -> 0 | H110: 0 | I110: =H110*$C$20 -> 0 | J110: 0 | K110: =J110*$C$18 -> 0 | L110: 0 | N110: =L110*$C$22 -> 0 | O110: =D110+G110+I110+K110+N110 -> 160
B111: Cone de Sinalização | C111: 60 | O111: =C111 -> 60 | P111: =O111/12 -> 5 | Q111: EPC
B112: Redes de Proteção | C112: 25 | O112: =C112 -> 25 | P112: =O112/12 -> 2.0833333 | Q112: EPC
B113: Fonte quantitativo: Manual Limpeza Urbana - TCE/GO
B115: B) VARRIÇÃO
B117: Item (EPI’s e EPC’s) por posto | C117: Agente de Limpeza | F117: Motorista Caminhão | H117: Encarregado | J117: Total Anual
C118: Unit. | D118: Total (x60) | F118: Unit. | G118: Total (x2) | H118: Unit. | I118: Total (x1)
B119: Jaqueta com refletivo (NBR 15.292) | C119: 1 | D119: =C119*$D$17 -> 60 | F119: 1 | G119: =F119*$D$19 -> 2 | H119: 1 | I119: =H119*$D$18 -> 1 | J119: =D119+G119+I119 -> 63
B120: Calça de brim pesado profissional com refletivo | C120: 6 | D120: =C120*$D$17 -> 360 | F120: 6 | G120: =F120*$D$19 -> 12 | H120: 6 | I120: =H120*$D$18 -> 6 | J120: =D120+G120+I120 -> 378
B121: Camiseta básica, malha fria PV com faixa refletiva, manga curta | C121: 6 | D121: =C121*$D$17 -> 360 | F121: 6 | G121: =F121*$D$19 -> 12 | H121: 6 | I121: =H121*$D$18 -> 6 | J121: =D121+G121+I121 -> 378
B122: Camiseta básica, malha fria PV com faixa refletiva, manga longa | C122: 6 | D122: =C122*$D$17 -> 360 | F122: 6 | G122: =F122*$D$19 -> 12 | H122: 6 | I122: =H122*$D$18 -> 6 | J122: =D122+G122+I122 -> 378
B123: Boné | C123: 3 | D123: =C123*$D$17 -> 180 | F123: 0 | G123: =F123*$D$19 -> 0 | H123: 3 | I123: =H123*$D$18 -> 3 | J123: =D123+G123+I123 -> 183
B124: Óculos de Proteção | C124: 3 | D124: =C124*$D$17 -> 180 | F124: 1 | G124: =F124*$D$19 -> 2 | H124: 3 | I124: =H124*$D$18 -> 3 | J124: =D124+G124+I124 -> 185
B125: Protetor Auricular Plug Silicone | C125: 1 | D125: =C125*$D$17 -> 60 | F125: 0 | G125: =F125*$D$19 -> 0 | H125: 1 | I125: =H125*$D$18 -> 1 | J125: =D125+G125+I125 -> 61
B126: Capa de Chuva com refletivo | C126: 3 | D126: =C126*$D$17 -> 180 | F126: 0 | G126: =F126*$D$19 -> 0 | H126: 3 | I126: =H126*$D$18 -> 3 | J126: =D126+G126+I126 -> 183
B127: Colete de Segurança Refletivo tipo “X” | C127: 3 | D127: =C127*$D$17 -> 180 | F127: 0 | G127: =F127*$D$19 -> 0 | H127: 3 | I127: =H127*$D$18 -> 3 | J127: =D127+G127+I127 -> 183
B128: Luvas de Algodão Pigmentada | C128: 24 | D128: =C128*$D$17 -> 1440 | F128: 0 | G128: =F128*$D$19 -> 0 | H128: 0 | I128: =H128*$D$18 -> 0 | J128: =D128+G128+I128 -> 1440
B129: Protetor Solar (FPS 50) – 200ml | C129: 12 | D129: =C129*$D$17 -> 720 | F129: 0 | G129: =F129*$D$19 -> 0 | H129: 0 | I129: =H129*$D$18 -> 0 | J129: =D129+G129+I129 -> 720
B130: Botina de segurança em raspa com biqueira plástica | C130: 6 | D130: =C130*$D$17 -> 360 | F130: 6 | G130: =F130*$D$19 -> 12 | H130: 6 | I130: =H130*$D$18 -> 6 | J130: =D130+G130+I130 -> 378
B131: Fonte quantitativo: Manual Limpeza Urbana - TCE/GO
B134: C) EQUIPE TÉCNICA
B136: Item (EPI’s e EPC’s) por posto | C136: Encarregado Geral | F136: Gerente Geral | H136: Téc. Seg. Trabalho | J136: Engenheiro | L136: Total Anual
C137: Unit. | D137: Total (x1) | F137: Unit. | G137: Total (x1) | H137: Unit. | I137: Total (x1) | J137: Unit. | K137: Total (x1)
B138: Jaqueta com refletivo (NBR 15.292) | C138: 1 | D138: =C138 -> 1 | F138: 1 | G138: =F138 -> 1 | H138: 1 | I138: =H138 -> 1 | J138: 0 | K138: =J138 -> 0 | L138: =D138+G138+I138+K138 -> 3
B139: Calça de brim pesado profissional com refletivo | C139: 2 | D139: =C139 -> 2 | F139: 2 | G139: =F139 -> 2 | H139: 2 | I139: =H139 -> 2 | J139: 0 | K139: =J139 -> 0 | L139: =D139+G139+I139+K139 -> 6
B140: Camiseta básica, malha fria PV com faixa refletiva, manga curta | C140: 2 | D140: =C140 -> 2 | F140: 2 | G140: =F140 -> 2 | H140: 2 | I140: =H140 -> 2 | J140: 0 | K140: =J140 -> 0 | L140: =D140+G140+I140+K140 -> 6
...

Sheet 1. Capina e Roçada
A1: Orientações para preenchimento:
A2: 1. Esta planilha é somente um modelo-base, devendo ser adaptada para cada caso concreto.
A3: Qualquer custo previsto no edital e não contemplado nesta planilha deverá ser devidamente incluído.
A4: 2. Antes de preenchê-la, leia a Orientação Técnica - Serviço de coleta de resíduos sólidos domiciliares
A5: 3. Preencher somente células em amarelo
A6: 4. As células azuis deverão ter seus valores preenchidos em outra planilha do arquivo.
A8: O TCE/RS não se responsabiliza pelo uso incorreto desta planilha.
A9: O orçamento deve ser realizado por responsável técnico habilitado e é de responsabilidade do seu autor.
A11: 1. Capina e Roçada Mecanizada
A12: Planilha de Composição de Custos
A14: Orçamento Sintético
A15: Descrição do Item | E15: Custo (R$/mês) | F15: %
A16: =A101 -> 1. Mão-de-obra | E16: =+F198 -> 508570.09 | F16: =IFERROR(E16/$E$77,0) -> 0.43331872
A17: =A103 -> 1.1. Operários/Agentes de Limpeza | E17: =F111 -> 345129.22 | F17: =IFERROR(E17/$E$77,0) -> 0.29406163
A18: =A113 -> 1.2. Encarregado de Equipe | E18: =F121 -> 21996.311 | F18: =IFERROR(E18/$E$77,0) -> 0.018741592
A19: =A123 -> 1.3. Motorista Caminhão | E19: =F133 -> 16955.433 | F19: =IFERROR(E19/$E$77,0) -> 0.014446596
A20: =A135 -> 1.4. Motorista Micro Ônibus Urbano | E20: =F145 -> 22085.622 | F20: =IFERROR(E20/$E$77,0) -> 0.018817689
A21: =A147 -> 1.5. Operador de Máquina Rodoviária (Minicarregadeira e Trator Capinadeira) | E21: =F157 -> 26197.688 | F21: =IFERROR(E21/$E$77,0) -> 0.022321306
A22: =A160 -> 1.6. Vale Transporte | E22: =F169 -> 16353.174 | F22: =IFERROR(E22/$E$77,0) -> 0.013933451
A23: =A171 -> 1.7. Vale-refeição (diário) | E23: =F178 -> 55453.04 | F23: =IFERROR(E23/$E$77,0) -> 0.047247844
A24: =A180 -> 1.8. Auxílio Alimentação (mensal) | E24: =F187 -> 2358 | F24: =IFERROR(E24/$E$77,0) -> 0.0020090948
A25: =A200 -> 2. Uniformes e Equipamentos de Proteção Individual | E25: =+F276 -> 14394.423 | F25: =IFERROR(E25/$E$77,0) -> 0.012264529
A26: =A278 -> 3. Veículos e Equipamentos | E26: =+F724 -> 371249.5 | F26: =IFERROR(E26/$E$77,0) -> 0.31631699
A27: =A280 -> 3.1 Caminhão Basculante com capacidade de 6m³ – Pot. Min. 136 Kw (185CV) | E27: =SUM(E28:E33) -> 90688.922 | F27: =IFERROR(E27/$E$77,0) -> 0.077269994
A28: 3.1.1. Depreciação | E28: =F291 -> 17103.186 | F28: =IFERROR(E28/$E$77,0) -> 0.014572486
A29: 3.1.2. Remuneração do Capital | E29: =F302 -> 21722.004 | F29: =IFERROR(E29/$E$77,0) -> 0.018507873
A30: =A304 -> 3.1.3. Impostos e Seguros - Caminhão | E30: =F310 -> 2376.8438 | F30: =IFERROR(E30/$E$77,0) -> 0.0020251504
A31: =A312 -> 3.1.4. Consumos | E31: =F320 -> 42946.305 | F31: =IFERROR(E31/$E$77,0) -> 0.036591687
A32: =A322 -> 3.1.5. Manutenção | E32: =F325 -> 6382.8444 | F32: =IFERROR(E32/$E$77,0) -> 0.0054383968
A33: =A327 -> 3.1.6. Pneus | E33: =F334 -> 157.73976 | F33: =IFERROR(E33/$E$77,0) -> 0.00013439955
A34: =A338 -> 3.1.7. Monitoramento da Frota | E34: =F346 -> 240.46 | F34: =IFERROR(E34/$E$77,0) -> 0.00020487996
A35: =A350 -> 3.2. Retroescavadeira sobre rodas com carregadeira, tração 4x4, potência líq. 88 HP | E35: =SUM(E36:E41) -> 63484.353 | F35: =IFERROR(E35/$E$77,0) -> 0.054090791
A36: 3.2.1. Depreciação | E36: =F361 -> 15058.347 | F36: =IFERROR(E36/$E$77,0) -> 0.012830215
A37: 3.2.2. Remuneração do Capital | E37: =F372 -> 15503.066 | F37: =IFERROR(E37/$E$77,0) -> 0.01320913
A38: =A374 -> 3.2.3. Impostos e Seguros | E38: =F380 -> 3694.6738 | F38: =IFERROR(E38/$E$77,0) -> 0.0031479856
A39: =A382 -> 3.2.4. Consumos | E39: =F390 -> 17746.262 | F39: =IFERROR(E39/$E$77,0) -> 0.015120408
A40: =A392 -> 3.2.5. Manutenção | E40: =F395 -> 4732.7778 | F40: =IFERROR(E40/$E$77,0) -> 0.0040324849
A41: =A397 -> 3.2.6. Pneus | E41: =F409 -> 6749.2267 | F41: =IFERROR(E41/$E$77,0) -> 0.0057505667
A42: =A410 -> 3.2.7. Monitoramento da Frota | E42: =F418 -> 240.46 | F42: =IFERROR(E42/$E$77,0) -> 0.00020487996
A43: 3.3. Trator Capinadeira 85 CV equipado com 01 capinadeira/Vassoura Mecânica. | E43: =SUM(E44:E49) -> 32638.499 | F43: =IFERROR(E43/$E$77,0) -> 0.027809093
A44: 3.3.1. Depreciação | E44: =F439 -> 5254.7111 | F44: =IFERROR(E44/$E$77,0) -> 0.0044771895
A45: 3.3.2. Remuneração do Capital | E45: =F455 -> 6055.4833 | F45: =IFERROR(E45/$E$77,0) -> 0.0051594742
A46: =A457 -> 3.3.3. Impostos e Seguros | E46: =F463 -> 1088.4752 | F46: =IFERROR(E46/$E$77,0) -> 0.00092741729
A47: =A465 -> 3.3.4. Consumos | E47: =F473 -> 17758.877 | F47: =IFERROR(E47/$E$77,0) -> 0.015131157
A48: =A475 -> 3.3.5. Manutenção | E48: =F478 -> 2225.7083 | F48: =IFERROR(E48/$E$77,0) -> 0.0018963779
A49: =A480 -> 3.3.6. Pneus | E49: =F493 -> 255.24403 | F49: =IFERROR(E49/$E$77,0) -> 0.00021747645
A50: =A495 -> 3.3.7. Monitoramento da Frota | E50: =F503 -> 126.48 | F50: =IFERROR(E50/$E$77,0) -> 0.00010776519
A51: 3.4. Trator Capinadeira 85 CV equipado com 02 capinadeiras/Vassoura Mecânicas. | E51: =SUM(E52:E57) -> 25887.134 | F51: =IFERROR(E51/$E$77,0) -> 0.022056704
A52: 3.4.1. Depreciação | E52: =F522 -> 3404.8295 | F52: =IFERROR(E52/$E$77,0) -> 0.0029010286
A53: 3.4.2. Remuneração do Capital | E53: =F538 -> 3923.6959 | F53: =IFERROR(E53/$E$77,0) -> 0.00334312
A54: =A540 -> 3.4.3. Impostos e Seguros | E54: =F546 -> 544.48762 | F54: =IFERROR(E54/$E$77,0) -> 0.00046392165
A55: =A548 -> 3.4.4. Consumos | E55: =F556 -> 8879.4387 | F55: =IFERROR(E55/$E$77,0) -> 0.0075655786
A56: =A558 -> 3.4.5. Manutenção | E56: =F556 -> 8879.4387 | F56: =IFERROR(E56/$E$77,0) -> 0.0075655786
A57: =A563 -> 3.4.6. Pneus | E57: =F576 -> 255.24403 | F57: =IFERROR(E57/$E$77,0) -> 0.00021747645
A58: =A578 -> 3.4.7. Monitoramento da Frota | E58: =F586 -> 69.49 | F58: =IFERROR(E58/$E$77,0) -> 5.9207803e-05
A59: =A589 -> 3.5. Veículo para transporte de pessoal (Miniônibus) – Mín. 24 lugares, Modelo: VOLARE ATT. 8 LONGO EXECUTIVO (die) (E6) | E59: =SUM(E60:E65) -> 60457.102 | F59: =IFERROR(E59/$E$77,0) -> 0.051511472
A60: =A591 -> 3.5.1 Depreciação | E60: =F600 -> 14480.136 | F60: =IFERROR(E60/$E$77,0) -> 0.01233756
A61: =A602 -> 3.5.2 Remuneração de Capital | E61: =F611 -> 18390.584 | F61: =IFERROR(E61/$E$77,0) -> 0.015669392
A62: =A613 -> 3.5.3. Impostos e Seguros - Caminhão | E62: =F619 -> 2563.2871 | F62: =IFERROR(E62/$E$77,0) -> 0.0021840063
A63: =A621 -> 3.5.4. Consumos | E63: =F629 -> 19429.875 | F63: =IFERROR(E63/$E$77,0) -> 0.016554903
A64: =A631 -> 3.5.5. Manutenção | E64: =F634 -> 5403.9321 | F64: =IFERROR(E64/$E$77,0) -> 0.0046043308
A65: =A636 -> 3.5.6. Pneus | E65: =F643 -> 189.28771 | F65: =IFERROR(E65/$E$77,0) -> 0.00016127946
A66: =A645 -> 3.5.7. Monitoramento da Frota | E66: =F653 -> 240.46 | F66: =IFERROR(E66/$E$77,0) -> 0.00020487996
A67: =A657 -> 3.6. Roçadeira Costal/Lateral, Pot. Min 4 HP, a Gasolina | E67: =SUM(E68:E70) -> 99345.484 | F67: =IFERROR(E67/$E$77,0) -> 0.084645673
A68: =A659 -> 3.6.1 Depreciação | E68: =F668 -> 411.0669 | F68: =IFERROR(E68/$E$77,0) -> 0.00035024274
A69: =A670 -> 3.6.2 Remuneração de Capital | E69: =F679 -> 313.02643 | F69: =IFERROR(E69/$E$77,0) -> 0.00026670898
A70: =A681 -> 3.6.3. Consumos | E70: =F688 -> 98621.39 | F70: =IFERROR(E70/$E$77,0) -> 0.084028721
A71: =A690 -> 3.7. Soprador Costal, Pot. Min 3,48 HP | E71: =SUM(E72:E74) -> 3567.0382 | F71: =IFERROR(E71/$E$77,0) -> 0.0030392358
A72: =A692 -> 3.7.1 Depreciação | E72: =F701 -> 76.132749 | F72: =IFERROR(E72/$E$77,0) -> 6.4867647e-05
A73: =A703 -> 3.7.2 Remuneração de Capital | E73: =F712 -> 78.381181 | F73: =IFERROR(E73/$E$77,0) -> 6.6783386e-05
A74: =A714 -> 3.7.3. Consumos | E74: =F721 -> 3412.5242 | F74: =IFERROR(E74/$E$77,0) -> 0.0029075847
A75: =A726 -> 4. Ferramentas, Materiais de Consumo e EPC | E75: =+F738 -> 35861.96 | F75: =IFERROR(E75/$E$77,0) -> 0.030555589
A76: =A742 -> 5. Benefícios e Despesas Indiretas - BDI | E76: =+F748 -> 243586.9 | F76: =IFERROR(E76/$E$77,0) -> 0.20754418
A77: PREÇO TOTAL MENSAL COM A COLETA | E77: =E16+E25+E26+E75+E76 -> 1173662.9 | F77: =F16+F25+F26+F75+F76 -> 1
A80: Quantitativos
A81: Mão-de-obra | E81: Quantidade
A82: =+A103 -> 1.1. Operários/Agentes de Limpeza | E82: =C110 -> 80
A83: =A113 -> 1.2. Encarregado de Equipe | E83: =C120 -> 4
A84: =A123 -> 1.3. Motorista Caminhão | E84: =C132 -> 4
A85: =A135 -> 1.4. Motorista Micro Ônibus Urbano | E85: =C144 -> 4
A86: =A147 -> 1.5. Operador de Máquina Rodoviária (Minicarregadeira e Trator Capinadeira) | E86: =C156 -> 7
A87: Total de mão-de-obra (postos de trabalho) | E87: =SUM(E82:E86) -> 99
A89: Veículos e Equipamentos | E89: Quantidade
A90: =+A280 -> 3.1 Caminhão Basculante com capacidade de 6m³ – Pot. Min. 136 Kw (185CV) | E90: =C290 -> 4
A91: =A350 -> 3.2. Retroescavadeira sobre rodas com carregadeira, tração 4x4, potência líq. 88 HP | E91: =C360 -> 4
A92: =A43 -> 3.3. Trator Capinadeira 85 CV equipado com 01 capinadeira/Vassoura Mecânica. | E92: =C438 -> 2
A93: =A51 -> 3.4. Trator Capinadeira 85 CV equipado com 02 capinadeiras/Vassoura Mecânicas. | E93: =C521 -> 1
A94: =A589 -> 3.5. Veículo para transporte de pessoal (Miniônibus) – Mín. 24 lugares, Modelo: VOLARE ATT. 8 LONGO EXECUTIVO (die) (E6) | E94: =C599 -> 4
A95: =A657 -> 3.6. Roçadeira Costal/Lateral, Pot. Min 4 HP, a Gasolina | E95: =C667 -> 32
A96: =A690 -> 3.7. Soprador Costal, Pot. Min 3,48 HP | E96: =C700 -> 4
A97: Total de Veículos e Equipamentos | E97: =SUM(E90:E96) -> 51
A99: Fator de utilização (FU) | B99: 1
A101: 1. Mão-de-obra
A103: 1.1. Operários/Agentes de Limpeza
A104: Discriminação | B104: Unidade | C104: Quantidade | D104: Custo unitário | E104: Subtotal | F104: Total (R$) | G104: https://seeac-rs.com.br/arquivos/2026.pdf
A105: Piso da categoria | B105: mês | C105: 1 | D105: 1799.68 | E105: =C105*D105 -> 1799.68 | G105: CBO: 6220
A106: Adicional de Insalubridade | B106: % | C106: 40 | D106: =SUM(E105) -> 1799.68 | E106: =C106*D106/100 -> 719.872 | G106: Insalubridade: Estabelecido em convenção coletiva
A107: Soma | E107: =SUM(E105:E106) -> 2519.552
A108: Encargos Sociais | B108: % | C108: ='4.Encargos Sociais'!$C$37*100 -> 71.225489 | D108: =E107 -> 2519.552 | E108: =D108*C108/100 -> 1794.5632
A109: Total por Coletor | E109: =E107+E108 -> 4314.1152
...

Sheet 2. Varrição Manual
A1: Orientações para preenchimento:
A2: 1. Esta planilha é somente um modelo-base, devendo ser adaptada para cada caso concreto.
A3: Qualquer custo previsto no edital e não contemplado nesta planilha deverá ser devidamente incluído.
A4: 2. Antes de preenchê-la, leia a Orientação Técnica - Serviço de coleta de resíduos sólidos domiciliares
A5: 3. Preencher somente células em amarelo
A6: 4. As células azuis deverão ter seus valores preenchidos em outra planilha do arquivo.
A8: O TCE/RS não se responsabiliza pelo uso incorreto desta planilha.
A9: O orçamento deve ser realizado por responsável técnico habilitado e é de responsabilidade do seu autor.
A11: 2. Varrição de Vias e Logradouros Públicos
A12: Planilha de Composição de Custos
A14: Orçamento Sintético
A15: Descrição do Item | E15: Custo (R$/mês) | F15: %
A16: =A51 -> 1. Mão-de-obra | E16: =+F122 -> 338563.36 | F16: =IFERROR(E16/$E$35,0) -> 0.66969597
A17: =A53 -> 1.1. Operários/Agentes de Limpeza | E17: =F63 -> 276227.18 | F17: =IFERROR(E17/$E$35,0) -> 0.54639175
A18: =A65 -> 1.2. Encarregado de Equipe | E18: =F75 -> 5868.3132 | F18: =IFERROR(E18/$E$35,0) -> 0.011607829
A19: =A77 -> 1.3. Motorista Caminhão | E19: =F89 -> 9046.9523 | F19: =IFERROR(E19/$E$35,0) -> 0.017895343
A20: =A91 -> 1.4. Vale Transporte | E20: =F98 -> 10784.12 | F20: =IFERROR(E20/$E$35,0) -> 0.02133155
A21: =A100 -> 1.5. Vale-refeição (diário) | E21: =F105 -> 34829.597 | F21: =IFERROR(E21/$E$35,0) -> 0.068894759
A22: =A107 -> 1.6. Auxílio Alimentação (mensal) | E22: =F112 -> 276 | F22: =IFERROR(E22/$E$35,0) -> 0.00054594238
A23: =A124 -> 2. Uniformes e Equipamentos de Proteção Individual | E23: =+F172 -> 9566.0342 | F23: =IFERROR(E23/$E$35,0) -> 0.018922114
A24: =A174 -> 3. Veículos e Equipamentos | E24: =+F254 -> 49405.618 | F24: =IFERROR(E24/$E$35,0) -> 0.097726887
A25: =A46 -> 3.1. Caminhão toco, carga útil 9480 kg, potência mínima 185 CV, com carroceria fixa, aberta, de madeira, para transporte geral de carga seca, com dimensões aproximadas de 2,50 x 6,50 x 0,50 m. | E25: =SUM(E26:E31) -> 49152.658 | F25: =IFERROR(E25/$E$35,0) -> 0.097226519
A26: 3.1.1. Depreciação | E26: =F192 -> 8571.4712 | F26: =IFERROR(E26/$E$35,0) -> 0.016954817
A27: 3.1.2. Remuneração do Capital | E27: =F208 -> 10886.248 | F27: =IFERROR(E27/$E$35,0) -> 0.021533566
A28: =A210 -> 3.1.3. Impostos e Seguros - Caminhão | E28: =F216 -> 1092.8556 | F28: =IFERROR(E28/$E$35,0) -> 0.0021617253
A29: =A218 -> 3.1.4. Consumos | E29: =F226 -> 21473.152 | F29: =IFERROR(E29/$E$35,0) -> 0.042475014
A30: =A228 -> 3.1.5. Manutenção | E30: =F231 -> 6011.6074 | F30: =IFERROR(E30/$E$35,0) -> 0.011891273
A31: =A233 -> 3.1.6. Pneus | E31: =F240 -> 1117.3233 | F31: =IFERROR(E31/$E$35,0) -> 0.0022101237
A32: =A243 -> 3.1.7. Monitoramento da Frota | E32: =F251 -> 126.48 | F32: =IFERROR(E32/$E$35,0) -> 0.00025018403
A33: =A256 -> 4. Ferramentas, Materiais de Consumo e EPC | E33: =+F265 -> 3089.3267 | F33: =IFERROR(E33/$E$35,0) -> 0.0061108491
A34: =A269 -> 5. Benefícios e Despesas Indiretas - BDI | E34: =+F275 -> 104923.51 | F34: =IFERROR(E34/$E$35,0) -> 0.20754418
A35: PREÇO TOTAL MENSAL COM A COLETA | E35: =E16+E23+E24+E33+E34 -> 505547.86 | F35: =F16+F23+F24+F33+F34 -> 1
A38: Quantitativos
A39: Mão-de-obra | E39: Quantidade
A40: =+A53 -> 1.1. Operários/Agentes de Limpeza | E40: =C62 -> 60
A41: =A65 -> 1.2. Encarregado de Equipe | E41: =C74 -> 1
A42: =A77 -> 1.3. Motorista Caminhão | E42: =C88 -> 2
A43: Total de mão-de-obra (postos de trabalho) | E43: =SUM(E40:E42) -> 63
A45: Veículos e Equipamentos | E45: Quantidade
A46: =A176 -> 3.1. Caminhão toco, carga útil 9480 kg, potência mínima 185 CV, com carroceria fixa, aberta, de madeira, para transporte geral de carga seca, com dimensões aproximadas de 2,50 x 6,50 x 0,50 m. | E46: =C191 -> 2
A47: Total de Veículos e Equipamentos | E47: =SUM(E46) -> 2
A49: Fator de utilização (FU) | B49: 1
A51: 1. Mão-de-obra
A53: 1.1. Operários/Agentes de Limpeza
A54: Discriminação | B54: Unidade | C54: Quantidade | D54: Custo unitário | E54: Subtotal | F54: Total (R$) | G54: https://seeac-rs.com.br/arquivos/2026.pdf
A55: Piso da categoria | B55: mês | C55: 1 | D55: 1799.68 | E55: =C55*D55 -> 1799.68 | G55: CBO: 6220
A56: Horas Extras (100%) | B56: hora | C56: =(7+20/60)*(10/12) -> 6.1111111 | D56: =D55/220*2 -> 16.360727 | E56: =C56*D56 -> 99.982222 | G56: Insalubridade: Estabelecido em convenção coletiva
A57: Descanso Semanal Remunerado (DSR) - hora extra | B57: R$ | D57: =63/302*(SUM(E56)) -> 20.857219 | E57: =D57 -> 20.857219
A58: Adicional de Insalubridade | B58: % | C58: 40 | D58: =SUM(E55:E57) -> 1920.5194 | E58: =C58*D58/100 -> 768.20778
A59: Soma | E59: =SUM(E55:E58) -> 2688.7272
A60: Encargos Sociais | B60: % | C60: ='4.Encargos Sociais'!$C$37*100 -> 71.225489 | D60: =E59 -> 2688.7272 | E60: =D60*C60/100 -> 1915.0591
A61: Total por Coletor | E61: =E59+E60 -> 4603.7863
A62: Total do Efetivo | B62: homem | C62: ='0. Qtdades e Custos'!D17 -> 60 | D62: =E61 -> 4603.7863 | E62: =C62*D62 -> 276227.18
D63: Fator de utilização | E63: =$B$49 -> 1 | F63: =E62*E63 -> 276227.18
A65: 1.2. Encarregado de Equipe
A66: Discriminação | B66: Unidade | C66: Quantidade | D66: Custo unitário | E66: Subtotal | F66: Total (R$) | G66: Fonte: salário.com
A67: Piso da categoria | B67: mês | C67: 1 | D67: 2294 | E67: =C67*D67 -> 2294
A68: Horas Extras (100%) | B68: hora | C68: =C56 -> 6.1111111 | D68: =D67/220*2 -> 20.854545 | E68: =C68*D68 -> 127.44444
A69: Descanso Semanal Remunerado (DSR) - hora extra | B69: R$ | D69: =63/302*(SUM(E68)) -> 26.586093 | E69: =D69 -> 26.586093
A70: Adicional de Insalubridade | B70: % | C70: 40 | D70: =SUM(E67:E69) -> 2448.0305 | E70: =C70*D70/100 -> 979.21221
A71: Soma | E71: =SUM(E67:E70) -> 3427.2428
A72: Encargos Sociais | B72: % | C72: ='4.Encargos Sociais'!$C$37*100 -> 71.225489 | D72: =E71 -> 3427.2428 | E72: =D72*C72/100 -> 2441.0704
A73: Total por Coletor | E73: =E71+E72 -> 5868.3132
A74: Total do Efetivo | B74: homem | C74: ='0. Qtdades e Custos'!D18 -> 1 | D74: =E73 -> 5868.3132 | E74: =C74*D74 -> 5868.3132
D75: Fator de utilização | E75: =$B$49 -> 1 | F75: =E74*E75 -> 5868.3132
A77: 1.3. Motorista Caminhão
A78: Discriminação | B78: Unidade | C78: Quantidade | D78: Custo unitário | E78: Subtotal | F78: Total (R$) | G78: https://sinecarga.org.br/wp/wp-content/uploads/2025/05/ACT-2025-registrada.pdf
A79: Piso da categoria (2) | B79: mês | C79: 1 | D79: 2475.6 | E79: =C79*D79 -> 2475.6
A80: Salário mínimo nacional (1) | B80: mês | C80: 1 | D80: 1518
A81: Horas Extras (100%) | B81: hora | C81: =C56 -> 6.1111111 | D81: =D79/220*2 -> 22.505455 | E81: =C81*D81 -> 137.53333
A82: Descanso Semanal Remunerado (DSR) - hora extra | B82: R$ | D82: =63/302*(SUM(E81)) -> 28.690728 | E82: =D82 -> 28.690728
A83: Base de cálculo da Insalubridade
A84: Adicional de Insalubridade | B84: % | C84: 0 | D84: =IF(C83=2,SUM(E79:E82),IF(C83=1,(SUM(E79:E80))*D80/D79,0)) -> 0 | E84: =C84*D84/100 -> 0
A85: Soma | E85: =SUM(E79:E84) -> 2641.8241
A86: Encargos Sociais | B86: % | C86: ='4.Encargos Sociais'!$C$37*100 -> 71.225489 | D86: =E85 -> 2641.8241 | E86: =D86*C86/100 -> 1881.6521
A87: Total por Motorista | E87: =E85+E86 -> 4523.4762
A88: Total do Efetivo | B88: homem | C88: ='0. Qtdades e Custos'!D19 -> 2 | D88: =E87 -> 4523.4762 | E88: =C88*D88 -> 9046.9523
D89: Fator de utilização | E89: =$B$49 -> 1 | F89: =E88*E89 -> 9046.9523
A91: 1.4. Vale Transporte
A92: Discriminação | B92: Unidade | C92: Quantidade | D92: Custo unitário | E92: Subtotal | F92: Total (R$)
A93: Vale Transporte | B93: R$ | C93: 1 | D93: 5.5 | G93: Fonte: Valor passagem Sogal, antes da gratuidade
A94: Dias Trabalhados por mês | B94: dia | C94: 25.25 | G94: dias trabalhados: fonte - Manual de Limpeza Urbana - TCE/GO
A95: =A53 -> 1.1. Operários/Agentes de Limpeza | B95: vale | C95: =$C$94*2*(C62) -> 3030 | D95: =IFERROR((($C$94*2*$D$93)-(E55*0.06*$C$94/26))/($C$94*2),"-") -> 3.4234462 | E95: =IFERROR(C95*D95,"-") -> 10373.042
A96: =A65 -> 1.2. Encarregado de Equipe | B96: vale | C96: =$C$94*2*(C74) -> 50.5 | D96: =IFERROR((($C$94*2*$D$93)-(E67*0.06*$C$94/26))/($C$94*2),"-") -> 2.8530769 | E96: =IFERROR(C96*D96,"-") -> 144.08038
A97: =A77 -> 1.3. Motorista Caminhão | B97: vale | C97: =$C$94*2*(C88) -> 101 | D97: =IFERROR((($C$94*2*$D$93)-(E79*0.06*$C$94/26))/($C$94*2),"-") -> 2.6435385 | E97: =IFERROR(C97*D97,"-") -> 266.99738
F98: =SUM(E95:E97) -> 10784.12
A100: 1.5. Vale-refeição (diário)
A101: Discriminação | B101: Unidade | C101: Quantidade | D101: Custo unitário | E101: Subtotal | F101: Total (R$)
A102: =+A95 -> 1.1. Operários/Agentes de Limpeza | B102: unidade | C102: =$C$94*(E40) -> 1515 | D102: 21.99 | E102: =C102*D102 -> 33314.85 | G102: https://seeac-rs.com.br/arquivos/2026.pdf | I102: ** Vale Refeição (diário) do CBO: 6220 é R$ 27,15. Entretanto, valor da tabela já está com o desconto de 19% citado na convenção coletiva
A103: =+A96 -> 1.2. Encarregado de Equipe | B103: unidade | C103: =$C$94*(E41) -> 25.25 | D103: 21.99 | E103: =C103*D103 -> 555.2475 | G103: https://seeac-rs.com.br/arquivos/2026.pdf | I103: ** Vale Refeição (diário) do CBO: 6220 é R$ 27,15. Entretanto, valor da tabela já está com o desconto de 19% citado na convenção coletiva
A104: =+A97 -> 1.3. Motorista Caminhão | B104: unidade | C104: =$C$94*(E42) -> 50.5 | D104: 19 | E104: =C104*D104 -> 959.5 | G104: https://sinecarga.org.br/wp/wp-content/uploads/2025/05/ACT-2025-registrada.pdf
F105: =SUM(E102:E104) -> 34829.597
A107: 1.6. Auxílio Alimentação (mensal)
A108: Discriminação | B108: Unidade | C108: Quantidade | D108: Custo unitário | E108: Subtotal | F108: Total (R$)
A109: =+A102 -> 1.1. Operários/Agentes de Limpeza | B109: unidade | C109: =E40 -> 60 | D109: 0 | E109: =C109*D109 -> 0
A110: =+A103 -> 1.2. Encarregado de Equipe | B110: unidade | C110: =E41 -> 1 | D110: 0 | E110: =C110*D110 -> 0
A111: =+A104 -> 1.3. Motorista Caminhão | B111: unidade | C111: =E42 -> 2 | D111: 138 | E111: =C111*D111 -> 276 | G111: https://sinecarga.org.br/wp/wp-content/uploads/2025/05/ACT-2025-registrada.pdf
D112: Fator de utilização | E112: =$B$49 -> 1 | F112: =SUM(E109:E111)*E112 -> 276
A114: 1.7 Plano de Benefício Familiar (mensal)
A115: Discriminação | B115: Unidade | C115: Quantidade | D115: Custo unitário | E115: Subtotal | F115: Total (R$) | G115: https://seeac-rs.com.br/arquivos/2026.pdf
...

Sheet 3. Equipe Técnica
A1: Orientações para preenchimento:
A2: 1. Esta planilha é somente um modelo-base, devendo ser adaptada para cada caso concreto.
A3: Qualquer custo previsto no edital e não contemplado nesta planilha deverá ser devidamente incluído.
A4: 2. Antes de preenchê-la, leia a Orientação Técnica - Serviço de coleta de resíduos sólidos domiciliares
A5: 3. Preencher somente células em amarelo
A6: 4. As células azuis deverão ter seus valores preenchidos em outra planilha do arquivo.
A8: O TCE/RS não se responsabiliza pelo uso incorreto desta planilha.
A9: O orçamento deve ser realizado por responsável técnico habilitado e é de responsabilidade do seu autor.
A11: 3. Equipe Técnica
A12: Planilha de Composição de Custos
A14: Orçamento Sintético
A15: Descrição do Item | E15: Custo (R$/mês) | F15: %
A16: =A61 -> 1. Mão-de-obra | E16: =+F137 -> 34104.45 | F16: =IFERROR(E16/$E$41,0) -> 0.60712788
A17: =A63 -> 1.1. Encarregado Geral | E17: =F71 -> 9567.1557 | F17: =IFERROR(E17/$E$41,0) -> 0.17031463
A18: =A73 -> 1.2. Gerente Geral | E18: =F81 -> 10789.329 | F18: =IFERROR(E18/$E$41,0) -> 0.19207178
A19: =A83 -> 1.3. Técnico de Segurança do Trabalho | E19: =F91 -> 6577.1135 | F19: =IFERROR(E19/$E$41,0) -> 0.11708586
A20: =A93 -> 1.4. Responsável Técnico (Engenheiro/ 20 horas semanais) | E20: =F101 -> 4296.997 | F20: =IFERROR(E20/$E$41,0) -> 0.076495198
A21: =A103 -> 1.5. Vale Transporte Gerente Geral, Técnico de Segurança do Trabalho e Engenheiro | E21: =F110 -> 322.3423 | F21: =IFERROR(E21/$E$41,0) -> 0.0057383419
A22: =A119 -> 1.7. Vale-refeição (diário) | E22: =F123 -> 1253.244 | F22: =IFERROR(E22/$E$41,0) -> 0.022310266
A23: =A130 -> 1.9. Plano de Benefício Familiar (mensal) | E23: =F135 -> 0 | F23: =IFERROR(E23/$E$41,0) -> 0
A24: =A139 -> 2. Uniformes e Equipamentos de Proteção Individual | E24: =+F197 -> 133.0003 | F24: =IFERROR(E24/$E$41,0) -> 0.0023676732
A25: =A199 -> 3. Veículos e Equipamentos | E25: =+F314 -> 10277.504 | F25: =IFERROR(E25/$E$41,0) -> 0.18296027
A26: =A201 -> 3.1. Veículo Tipo Passeio 1.0, a Gasolina – 5 passageiros | E26: =SUM(E27:E32) -> 4510.1435 | F26: =IFERROR(E26/$E$41,0) -> 0.080289634
A27: 3.1.1. Depreciação | E27: =F212 -> 609.6032 | F27: =IFERROR(E27/$E$41,0) -> 0.010852164
A28: 3.1.2. Remuneração do Capital | E28: =F223 -> 606.33184 | F28: =IFERROR(E28/$E$41,0) -> 0.010793927
A29: =A225 -> 3.1.3. Impostos e Seguros - Caminhão | E29: =F231 -> 106.29 | F29: =IFERROR(E29/$E$41,0) -> 0.001892176
A30: =A233 -> 3.1.4. Consumos | E30: =F241 -> 2505.8424 | F30: =IFERROR(E30/$E$41,0) -> 0.04460904
A31: =A243 -> 3.1.5. Manutenção | E31: =F246 -> 656.9 | F31: =IFERROR(E31/$E$41,0) -> 0.011694143
A32: =A248 -> 3.1.6. Pneus | E32: =F255 -> 25.176 | F32: =IFERROR(E32/$E$41,0) -> 0.00044818349
A33: =A257 -> 3.2 Picape Utilitária, cabine Simples 1.6 | E33: =SUM(E34:E39) -> 5767.361 | F33: =IFERROR(E33/$E$41,0) -> 0.10267064
A34: 3.2.1. Depreciação | E34: =F268 -> 835.73824 | F34: =IFERROR(E34/$E$41,0) -> 0.014877823
A35: 3.2.2. Remuneração do Capital | E35: =F279 -> 831.25335 | F35: =IFERROR(E35/$E$41,0) -> 0.014797983
A36: =A281 -> 3.2.3. Impostos e Seguros | E36: =F287 -> 124.91 | F36: =IFERROR(E36/$E$41,0) -> 0.0022236495
A37: =A289 -> 3.2.4. Consumos | E37: =F297 -> 3051.2769 | F37: =IFERROR(E37/$E$41,0) -> 0.054318872
A38: =A299 -> 3.2.5. Manutenção | E38: =F302 -> 900.58 | F38: =IFERROR(E38/$E$41,0) -> 0.016032137
A39: =A304 -> 3.2.6. Pneus | E39: =F311 -> 23.6025 | F39: =IFERROR(E39/$E$41,0) -> 0.00042017202
A40: =A319 -> 4. Benefícios e Despesas Indiretas - BDI | E40: =+F325 -> 11658.467 | F40: =IFERROR(E40/$E$41,0) -> 0.20754418
A41: PREÇO TOTAL MENSAL COM A COLETA | E41: =E16+E24+E25+E40 -> 56173.422 | F41: =F16+F24+F25+F40 -> 1
A44: Quantitativos
A45: Mão-de-obra | E45: Quantidade
A46: =+A63 -> 1.1. Encarregado Geral | E46: =C70 -> 1
A47: =A73 -> 1.2. Gerente Geral | E47: =C80 -> 1
A48: =A83 -> 1.3. Técnico de Segurança do Trabalho | E48: =C90 -> 1
A49: =A93 -> 1.4. Responsável Técnico (Engenheiro/ 20 horas semanais) | E49: =C100 -> 1
A50: =#REF! -> #REF! | E50: 1
A51: Total de mão-de-obra (postos de trabalho) | E51: =SUM(E46:E50) -> 5
A53: Veículos e Equipamentos | E53: Quantidade
A54: =+A201 -> 3.1. Veículo Tipo Passeio 1.0, a Gasolina – 5 passageiros | E54: =C211 -> 1
A55: =A257 -> 3.2 Picape Utilitária, cabine Simples 1.6 | E55: =C267 -> 1
A56: Total de Veículos e Equipamentos | E56: =SUM(E54:E55) -> 2
A58: Fator de utilização (FU) Encarregado Geral, Gerente Geral e Téc. Seg. do Trabalho | B58: 1
A59: Fator de utilização (FU) Responsável Técnico (Engenheiro/ 20 horas semanais) | B59: =20/44 -> 0.45454545
A61: 1. Mão-de-obra
A63: 1.1. Encarregado Geral
A64: Discriminação | B64: Unidade | C64: Quantidade | D64: Custo unitário | E64: Subtotal | F64: Total (R$) | G64: Fonte: Orçafascio - vide imagem recortada abaixo
A65: Piso da categoria | B65: mês | C65: 1 | D65: =5587.46 -> 5587.46 | E65: =C65*D65 -> 5587.46
A66: Adicional de Insalubridade | B66: % | C66: 0 | D66: =SUM(E65) -> 5587.46 | E66: =C66*D66/100 -> 0
A67: Soma | E67: =SUM(E65:E66) -> 5587.46
A68: Encargos Sociais | B68: % | C68: ='4.Encargos Sociais'!$C$37*100 -> 71.225489 | D68: =E67 -> 5587.46 | E68: =D68*C68/100 -> 3979.6957
A69: Total por Encarregado Geral | E69: =E67+E68 -> 9567.1557
A70: Total do Efetivo | B70: homem | C70: 1 | D70: =E69 -> 9567.1557 | E70: =C70*D70 -> 9567.1557
D71: Fator de utilização | E71: =$B$58 -> 1 | F71: =E70*E71 -> 9567.1557
A73: 1.2. Gerente Geral
A74: Discriminação | B74: Unidade | C74: Quantidade | D74: Custo unitário | E74: Subtotal | F74: Total (R$) | G74: https://www.salario.com.br/profissao/gerente-de-producao-e-operacoes-cbo-141205/porto-alegre-rs/
A75: Piso da categoria | B75: mês | C75: 1 | D75: 6301.24 | E75: =C75*D75 -> 6301.24
A76: Adicional de Insalubridade | B76: % | C76: 0 | D76: =SUM(E75) -> 6301.24 | E76: =C76*D76/100 -> 0
A77: Soma | E77: =SUM(E75:E76) -> 6301.24
A78: Encargos Sociais | B78: % | C78: ='4.Encargos Sociais'!$C$37*100 -> 71.225489 | D78: =E77 -> 6301.24 | E78: =D78*C78/100 -> 4488.089
A79: Total por Gerente Geral | E79: =E77+E78 -> 10789.329
A80: Total do Efetivo | B80: homem | C80: 1 | D80: =E79 -> 10789.329 | E80: =C80*D80 -> 10789.329
D81: Fator de utilização | E81: =$B$58 -> 1 | F81: =E80*E81 -> 10789.329
A83: 1.3. Técnico de Segurança do Trabalho
A84: Discriminação | B84: Unidade | C84: Quantidade | D84: Custo unitário | E84: Subtotal | F84: Total (R$) | G84: https://sinditestrs.org.br/site/wp-content/uploads/2025/10/CCT-SINDUSCON-RG_SINDITEST-RS_2025-2027-REGISTRADA-NO-MTE.pdf
A85: Piso da categoria | B85: mês | C85: 1 | D85: 3841.2 | E85: =C85*D85 -> 3841.2
A86: Adicional de Insalubridade | B86: % | C86: 0 | D86: =SUM(E85) -> 3841.2 | E86: =C86*D86/100 -> 0
A87: Soma | E87: =SUM(E85:E86) -> 3841.2
A88: Encargos Sociais | B88: % | C88: ='4.Encargos Sociais'!$C$37*100 -> 71.225489 | D88: =E87 -> 3841.2 | E88: =D88*C88/100 -> 2735.9135
A89: Total por Técnico de Segurança do Trabalho | E89: =E87+E88 -> 6577.1135
A90: Total do Efetivo | B90: homem | C90: 1 | D90: =E89 -> 6577.1135 | E90: =C90*D90 -> 6577.1135
D91: Fator de utilização | E91: =$B$58 -> 1 | F91: =E90*E91 -> 6577.1135
A93: 1.4. Responsável Técnico (Engenheiro/ 20 horas semanais)
A94: Discriminação | B94: Unidade | C94: Quantidade | D94: Custo unitário | E94: Subtotal | F94: Total (R$) | G94: https://senge.org.br/wp-content/uploads/2025/07/Convencao-Coletiva-2025-2026-Registrada.pdf
A95: Piso da categoria | B95: mês | C95: 1 | D95: 5521.02 | E95: =C95*D95 -> 5521.02
A96: Adicional de Insalubridade | B96: % | C96: 0 | D96: =SUM(E95) -> 5521.02 | E96: =C96*D96/100 -> 0
A97: Soma | E97: =SUM(E95:E96) -> 5521.02
A98: Encargos Sociais | B98: % | C98: ='4.Encargos Sociais'!$C$37*100 -> 71.225489 | D98: =E97 -> 5521.02 | E98: =D98*C98/100 -> 3932.3735
A99: Total por Responsável Técnico | E99: =E97+E98 -> 9453.3935
A100: Total do Efetivo | B100: homem | C100: 1 | D100: =E99 -> 9453.3935 | E100: =C100*D100 -> 9453.3935
D101: Fator de utilização | E101: =B59 -> 0.45454545 | F101: =E100*E101 -> 4296.997
A103: 1.5. Vale Transporte Gerente Geral, Técnico de Segurança do Trabalho e Engenheiro
A104: Discriminação | B104: Unidade | C104: Quantidade | D104: Custo unitário | E104: Subtotal | F104: Total (R$) | G104: Fonte: Valor passagem Sogal, antes da gratuidade
A105: Vale Transporte | B105: R$ | C105: 1 | D105: 5.5
A106: Dias Trabalhados por mês | B106: dia | C106: =TRUNC((365-52-52-10)/12,2) -> 20.91
A107: =A73 -> 1.2. Gerente Geral | B107: vale | C107: =$C$106*2*(C80) -> 41.82 | D107: =IFERROR((($C$106*2*$D$105)-(E75*0.04*$C$106/26))/($C$106*2),"-") -> 0.65289231 | E107: =IFERROR(C107*D107,"-") -> 27.303956
A108: =A83 -> 1.3. Técnico de Segurança do Trabalho | B108: vale | C108: =$C$106*2*(C90) -> 41.82 | D108: =IFERROR((($C$106*2*$D$105)-(E85*(20/44)*0.06*$C$106/26))/($C$106*2),"-") -> 3.4853846 | E108: =IFERROR(C108*D108,"-") -> 145.75878
A109: =A93 -> 1.4. Responsável Técnico (Engenheiro/ 20 horas semanais) | B109: vale | C109: =$C$106*2*(C100) -> 41.82 | D109: =IFERROR((($C$106*2*$D$105)-(E95*(20/44)*0.04*$C$106/26))/($C$106*2),"-") -> 3.5695734 | E109: =IFERROR(C109*D109,"-") -> 149.27956
F110: =SUM(E107:E109) -> 322.3423
A112: 1.6. Vale Transporte Encarregado Geral
A113: Discriminação | B113: Unidade | C113: Quantidade | D113: Custo unitário | E113: Subtotal | F113: Total (R$) | G113: Fonte: Valor passagem Sogal, antes da gratuidade
A114: Vale Transporte | B114: R$ | C114: 1 | D114: 5.5
...

Sheet 4.Encargos Sociais
A1: Orientações para preenchimento:
A2: 1. Preencha previamente os dados de entrada na planilha 3.CAGED
A4: O TCE/RS não se responsabiliza pelo uso incorreto desta planilha.
A5: O orçamento deve ser realizado por responsável técnico habilitado e é de responsabilidade do seu autor.
A7: 2. Composição dos Encargos Sociais
A8: Código | B8: Descrição | C8: Valor
A9: A1 | B9: INSS | C9: 0.2
A10: A2 | B10: SESI | C10: 0.015
A11: A3 | B11: SENAI | C11: 0.01
A12: A4 | B12: INCRA | C12: 0.002
A13: A5 | B13: SEBRAE | C13: 0.006
A14: A6 | B14: Salário educação | C14: 0.025
A15: A7 | B15: Seguro contra acidentes de trabalho | C15: 0.03
A16: A8 | B16: FGTS | C16: 0.08
A17: A | B17: SOMA GRUPO A | C17: =SUM(C9:C16) -> 0.368
A19: B1 | B19: Férias gozadas | C19: =ROUND(IF('5. CAGED'!C28>24,(1-12/'5. CAGED'!C28)*0.1111,0.1111-C28),4) -> 0.0502
A20: B2 | B20: 13º salário | C20: =ROUND('5. CAGED'!C32/'5. CAGED'!C29,4) -> 0.0833
A21: B3 | B21: Licença Paternidade | C21: 0.0006
A22: B4 | B22: Faltas justificadas | C22: 0.0082
A23: B5 | B23: Auxilio acidente de trabalho | C23: 0.0031
A24: B6 | B24: Auxilio doença | C24: 0.0166
A25: B | B25: SOMA GRUPO B | C25: =SUM(C19:C24) -> 0.162
A27: C1 | B27: Aviso prévio indenizado | C27: =ROUND(('5. CAGED'!C33) *'5. CAGED'!C26/'5. CAGED'!C29,4) -> 0.0321
A28: C2 | B28: Férias indenizadas | C28: =ROUND(IF('5. CAGED'!C28>12,12/'5. CAGED'!C28*0.1111,0.1111),4) -> 0.0609
A29: C3 | B29: Férias indenizadas s/ aviso previo inden. | C29: =C27*C28 -> 0.00195489
A30: C4 | B30: Depósito rescisão sem justa causa | C30: =ROUND(('5. CAGED'!C29+'5. CAGED'!C30+'5. CAGED'!C32)/'5. CAGED'!C27*'5. CAGED'!C34*'5. CAGED'!C35*'5. CAGED'!C26/'5. CAGED'!C29,4) -> 0.0227
A31: C5 | B31: Indenização adicional | C31: =ROUND(('5. CAGED'!C31/'5. CAGED'!C29)*'5. CAGED'!C26/12,4) -> 0.0024
A32: C | B32: SOMA GRUPO C | C32: =SUM(C27:C31) -> 0.12005489
A34: D1 | B34: Reincidência de Grupo A sobre Grupo B | C34: =ROUND(C17*C25,4) -> 0.0596
A35: D2 | B35: Reincidência de FGTS sobre aviso prévio indenizado | C35: =ROUND((C27*C16),4) -> 0.0026
A36: D | B36: SOMA GRUPO D | C36: =SUM(C34:C35) -> 0.0622
B37: SOMA (A+B+C+D) | C37: =C36+C32+C25+C17 -> 0.71225489

Sheet 5. CAGED
A1: CÁLCULO DAS VERBAS INDENIZATÓRIAS DOS EMPREGADOS NO SETOR DE COLETA DE RSU
A3: Tendo em vista que o CAGED foi descontinuado em janeiro de 2020, esta planilha foi atualizada até 31/12/2019.
A5: Preencha as células em amarelo
B7: 3. CAGED
B8: Rio Grande do Sul - Coleta de Resíduos Não-Perigosos - CNAE 38114
B9: Admissões | C9: 2638
B10: Desligamentos | C10: 2224
B11: Dispensados com justa causa | C11: 35
B12: Dispensados sem justa causa | C12: 1552
B13: Espontâneos | C13: 350
B14: Fim de contrato por prazo determinado | C14: 12
B15: Término de contrato | C15: 345
B16: Aposentados | C16: 0
B17: Mortos | C17: 21
B18: Transferência de saída | C18: 0
B19: Acordo | C19: 1
B20: Indicadores
B21: Estoque recuperado início do Período 01-04-2024 | C21: 4208
B22: Estoque recuperado final do Período 31-03-2025 | C22: 4655
B23: Variação Emprego Absoluta de 01-04-2024 a 31-03-2025 | C23: =C9-C10 -> 414
B25: Estoque Médio | C25: =MEDIAN(C21,C22) -> 4431.5
B26: % Demitidos s/ Justa Causa em relação ao Estoque Médio | C26: =C12/C25 -> 0.35022002
B27: Taxa de Rotatividade | C27: =MEDIAN(C9,C10)/C25 -> 0.54857272
B28: Rotatividade temporal (meses) | C28: =12/C27 -> 21.874949
B29: Dias ano | C29: 360
B30: 1/3 de férias (dias) | C30: 10
B31: Férias (dias) | C31: 30
B32: 13º Salário (dias) | C32: 30
B33: Dias de Aviso prévio | C33: =30+(3*TRUNC(1/C27)) -> 33
B34: FGTS | C34: 0.08
B35: Multa FGTS | C35: 0.4 | D35: Ajustado, de acordo com a nova Lei Federal nº 13.932/2019

Sheet 6. BDI
A1: Orientações para preenchimento:
A2: 1. Esta planilha é somente um modelo-base e deve ser ajustada conforme cada caso concreto.
A3: 2. Preencher somente células em amarelo
A5: O TCE/RS não se responsabiliza pelo uso incorreto desta planilha.
A6: O orçamento deve ser realizado por responsável técnico habilitado e é de responsabilidade do seu autor.
A8: 4. Composição do BDI - Benefícios e Despesas Indiretas
D10: Referência estudo TCE
D11: 1° Quartil | E11: Médio | F11: 3° Quartil
A12: Administração Central | B12: AC | C12: 0.0297 | D12: 0.0297 | E12: 0.0508 | F12: 0.0627
A13: Seguros/Riscos/Garantias | B13: SRG | C13: 0.0133 | D13: =0.3%+0.56% -> 0.0086 | E13: =0.48%+0.85% -> 0.0133 | F13: =0.82%+0.89% -> 0.0171
A14: Lucro | B14: L | C14: 0.1085 | D14: 0.0778 | E14: 0.1085 | F14: 0.1355
A15: Despesas Financeiras | B15: DF | C15: =(1+E15)^(E16/252)-1 -> 0.0079612164 | D15: i | E15: 0.1425
A16: Tributos - ISS | B16: T | C16: 0.04 | D16: DU | E16: 15
A17: Tributos - PIS/COFINS | C17: 0.0365
A18: Fórmula para o cálculo do BDI:
A19: {[(1+AC+SRG) x (1+L) x (1+DF)] / (1-T)} -1
A20: Resultado do cálculo do BDI: | C20: =ROUND((((1+C12+C13)*(1+C14)*(1+C15))/(1-(C16+C17))-1),4) -> 0.2619 | D20: 0.2143 | E20: 0.2717 | F20: 0.3362

Sheet 7. Depreciação
A1: 5. Depreciação Referencial TCE/RS (%)
A2: Idade do veículo (ano) | B2: Depreciação Média
A3: 1 | B3: 33.63
A4: 2 | B4: 43.13
A5: 3 | B5: 48.68
A6: 4 | B6: 52.62
A7: 5 | B7: 55.68
A8: 6 | B8: 58.18
A9: 7 | B9: 60.29
A10: 8 | B10: 62.12
A11: 9 | B11: 63.73
A12: 10 | B12: 65.18
A13: 11 | B13: 66.48
A14: 12 | B14: 67.67
... A17: 15 | B17: 70.73

Sheet 8. Remuneração de capital
A1: 6. Remuneração de Capital
A3: Fórmula de cálculo da remuneração de capital:
A12: Jm = remuneração de capital mensal
A13: i = taxa de juros do mercado (sugere-se adotar a taxa SELIC)
A14: Im = investimento médio
A15: V0 = valor inicial do bem
A16: Vr = valor residual do bem
A17: n = vida útil do bem em anos
